 Dungeon Crawl Stone Soup version 0.32-a0-871-ge202e49faa (webtiles) character file.

Game seed: 3792358610505712767

189 Biggs the Shooter (level 5, -4/38 HPs)
             Began as a Coglin Hunter on Mar 30, 2024.
             Slain by an orc priest
             ... wielding a +0 war axe
              (12 damage)
             ... on level 4 of the Dungeon.
             The game lasted 00:08:24 (2606 turns).

Biggs the Shooter (Coglin Hunter)                   Turns: 2606, Time: 00:08:24

Health: -4/38      AC:  3    Str: 11    XL:     5   Next: 68%
Magic:  5/5        EV: 11    Int:  9    God:
Gold:   105        SH:  0    Dex: 19    Spells: 4/4 levels left

rFire   . . .        a - +2 sling {Somchai}
rCold   . . .        d - +0 sling {Koruri}
rNeg    . . .        c - +0 leather armour
rPois   .            (no helmet)
rElec   .            (no cloak)
rCorr   .            (no gloves)
SInv    .            (no boots)
Will    +....        (amulet unavailable)
Stlth   ++           (ring unavailable)
HPRegen 0.26/turn    (ring unavailable)
MPRegen 0.09/turn    (no gizmo)

%: no passive effects
@: enlightened, flying, invisible, revving
A: off-hand wielding, slow wielding, warmup strikes, no jewellery
a: Invent Gizmo


You were on level 4 of the Dungeon.
You visited 1 branch of the dungeon, and saw 4 of its levels.

You collected 105 gold pieces.

Inventory:

Hand Weapons
 a - a +2 sling (weapon) {Somchai}
 d - a +0 sling (offhand) {Koruri}
Armour
 c - a +0 leather armour (worn)
Scrolls
 b - a scroll of butterflies
 f - a scroll of silence {unknown}
 k - a scroll of poison
 l - a scroll of enchant weapon
 m - a scroll of vulnerability {unknown}
 n - a scroll of fog {unknown}
Potions
 i - a potion of attraction {unknown}
 j - a potion of resistance {unknown}


   Skills:
 - Level 2.0 Fighting
 + Level 6.1 Ranged Weapons
 - Level 1.7 Dodging
 - Level 0.7 Stealth


You had 4 spell levels left.
You didn't know any spells.
Your spell library contained the following spells:

 Spells                   Type           Power      Damage    Failure   Level
 Apportation              Tloc           0%         N/A       47%         1
 Sandblast                Erth           0%         2d4       47%         1
 Sting                    Conj/Alch      0%         1d3       47%         1
 Blink                    Tloc           0%         N/A       63%         2
 Jinxbite                 Hex            0%         N/A       63%         2
 Lesser Beckoning         Tloc           0%         N/A       63%         2
 Mercury Vapours          Alch/Air       0%         N/A       63%         2
 Momentum Strike          Conj/Tloc      0%         3d8       63%         2
 Fugue of the Fallen      Necr           0%         N/A       85%         3
 Animate Armour           Summ/Erth      0%         N/A       99%         4
 Olgreb's Toxic Radiance  Alch           0%         N/A       99%         4
 Alistair's Intoxication  Alch           0%         N/A       100%        5


Dungeon Overview and Level Annotations

Branches:
Dungeon (4/15)
 Temple: D:4-7

Altars:
Cheibriados
Kikubaaqudgha
Makhleb
Sif Muna
Uskayaw
Yredelemnul

Annotations:
D:2 Terence


Innate Abilities, Weirdness & Mutations

You can wield a second weapon in your off-hand.
It takes a long time for you to wield or remove held weapons.
Your first few attacks do less damage.
You cannot equip rings or amulets.


Message History

The orc priest invokes the aid of Beogh against you.
Beogh smites you!
The orc wizard hits you but does no damage.
You shoot a sling bullet. The sling bullet hits the orc priest.
The orc priest is lightly wounded.
You shoot a sling bullet.
The sling bullet hits the orc priest but does no damage.
The orc priest is lightly wounded.
The orc priest shouts, "Surrender to Beogh and we'll let you live!"
The orc priest hits you with a +0 war axe!
The orc wizard barely misses you.
You are too injured to fight recklessly!
Unknown command.
You are too injured to fight recklessly!
Unknown command.
Fire: a) +2 sling {Somchai}
Press: ? - help, Q - select action Shift-Dir - straight line, f/p - orc priest
Aim: an orc priest, wielding a +0 war axe and wearing a +0 leather armour (lightly wounded, 65% to hit)
You shoot a sling bullet.
The sling bullet closely misses the orc priest.
You shoot a sling bullet.
The sling bullet closely misses the orc priest.
The orc priest shouts, "Surrender to Beogh and we'll let you live!"
The orc priest hits you with a +0 war axe.
The orc wizard hits you with a +0 dagger.
The orc priest hits you with a +0 war axe.
* * * LOW HITPOINT WARNING * * *
The orc wizard gestures at you while chanting.
The puff of flame misses you.
It was a potion of enlightenment.
You feel very buoyant.
You fly up into the air.
The orc priest begins to cast a cantrip, but forgets the words!
The orc wizard closely misses you.
Unknown command.
It was a potion of invisibility.
You fade into invisibility!
The orc wizard hits you but does no damage.
The orc priest hits you with a +0 war axe!
You die...

#######
#.....#
#..o@.#
......o..#
####.......
#.....###
#######


You could see an orc priest (unable to see you) and an orc wizard (unable to see
you).

Vanquished Creatures
  A vampire bat (D:3)
  An orc wizard (D:3)
  2 adders
  5 dart slugs
  2 orcs (D:3)
  6 ball pythons
  4 bat skeletons (D:3)
  2 bat zombies (D:3)
  8 endoplasms
  3 giant cockroaches
  6 hobgoblins
  4 jackals (D:2)
  2 quokkas
  7 bats
  5 frilled lizards
  11 goblins
  14 kobolds
  7 rats
90 creatures vanquished.

Notes
Turn   | Place    | Note
-------+----------+-------------------------------------------
     0 | D:1      | Biggs the Coglin Hunter began the quest for the Orb.
     0 | D:1      | Reached XP level 1. HP: 16/16 MP: 1/1
    63 | D:1      | Reached skill level 4 in Ranged Weapons
    63 | D:1      | Reached XP level 2. HP: 22/22 MP: 2/2
   344 | D:1      | Reached XP level 3. HP: 27/27 MP: 3/3
   575 | D:1      | Got the Monograph on Plutonic Evil Mysteries
  1100 | D:2      | Reached skill level 5 in Ranged Weapons
  1100 | D:2      | Reached XP level 4. HP: 27/33 MP: 4/4
  1220 | D:2      | Found a basalt altar of Yredelemnul.
  1523 | D:2      | Noticed Terence
  1713 | D:3      | Found a hide-covered altar of Uskayaw.
  1777 | D:3      | Found a snail-covered altar of Cheibriados.
  1864 | D:3      | Found a shimmering blue altar of Sif Muna.
  2188 | D:3      | Found a burning altar of Makhleb.
  2374 | D:3      | Reached XP level 5. HP: 35/38 MP: 5/5
  2403 | D:3      | Found an ancient bone altar of Kikubaaqudgha.
  2441 | D:3      | Reached skill level 6 in Ranged Weapons
  2606 | D:4      | Slain by an orc priest

Illustrated notes

Levels and vault maps discovered:
D:1:      lightli_arrival_quake, layout_rooms,
          nicolae_concentric_dashed_squares_mild, lexackson_kobold_supper
D:2:      layout_loops_corners, basic_altar, roderic_serpentine_path,
          kennysheep_generic_room_14, uniq_terence
D:3:      layout_basic, kennysheep_vampire_church, kennysheep_slug_shrine,
          nicolae_uskayaw_murder_on_the_dancefloor,
          mainiacjoe_overflow_boulevard, led_sif_book, dk_vineyard_3
D:4:      minmay_general_purpose_star, layout_loops_ring

Skill      XL: |  1  2  3  4  5 |
---------------+----------------+-----
Ranged Weapons | 4 5 6 |  6.1
Fighting       | |  2.0
Dodging        | |  1.7
Stealth        | |  0.7

Action                     |  1- 3 |  4- 6 || total
---------------------------+-------+-------++-------
   Fire: Sling             |   164 |   200 ||   364
    Use: Potion            |       |     4 ||     4
         Scroll            |       |     2 ||     2
 Armour: Leather armour    |    13 |    48 ||    61
  Dodge: Dodged            |    10 |    23 ||    33

Table legend: (Time is in decaauts)
 A = Elapsed time spent in this place.
 B = Non-inter-level travel time spent in this place.
 C = Inter-level travel time spent in this place.
 D = Time resting spent in this place.
 E = Time spent auto-exploring this place.
 F = Levels seen in this place.
 G = Mean time per level.
                   A        B        C        D        E       F      G
               +--------+--------+--------+--------+--------+-----+--------+
         Total |   2626 |   2553 |     73 |    115 |   1956 |   4 |  656.5 |
       Dungeon |   2626 |   2553 |     73 |    115 |   1956 |   4 |  656.5 |
               +--------+--------+--------+--------+--------+-----+--------+

Top non-repeatable levels by time:
     D:3: 1033 daAuts
     D:2: 878 daAuts
     D:1: 705 daAuts
     D:4: 9 daAuts
